 Dungeon Crawl Stone Soup version 0.22-a0-612-gd2f0174 (webtiles) character file.

2239 iamserjio the Covert (level 9, -1/82 HPs)
             Began as a Naga Berserker on July 11, 2018.
             Was an Elder of Trog.
             Slain by a crocodile (11 damage)
             ... on level 8 of the Dungeon.
             The game lasted 00:16:56 (2317 turns).

iamserjio the Covert (Naga Berserker)               Turns: 2317, Time: 00:16:57

Health: -1/82      AC:  8    Str: 19    XL:     9   Next: 36%
Magic:  9/9        EV:  6    Int: 11    God:    Trog [****..]
Gold:   141        SH:  0    Dex: 11    Spells: 8/8 levels left

rFire    . . .     SeeInvis +   n - +0 war axe
rCold    . . .     Gourm    .   (no shield)
rNeg     . . .     Faith    .   h - +0 chain mail
rPois    +         Spirit   .   (no helmet)
rElec    .         Reflect  .   (no cloak)
rCorr    .         Harm     .   (no gloves)
MR       +....                  (no barding)
Stlth    +.........             (no amulet)
HPRegen  0.23/turn              (no ring)
MPRegen  0.11/turn              (no ring)

@: very slow
A: large, see invisible, deformed body, poison resistance, slowness 2, slow
metabolism 1, spit poison 1, AC +3
a: Spit Poison, Berserk, Trog's Hand, Brothers in Arms, Renounce Religion


You were on level 8 of the Dungeon.
You worshipped Trog.
Trog was greatly pleased with you.
You were not hungry.

You visited 1 branch of the dungeon, and saw 8 of its levels.
You also visited: Ossuary.

You collected 219 gold pieces.
You spent 78 gold pieces at shops.

Inventory:

Hand Weapons
 a - a +0 hand axe
 n - a +0 war axe (weapon)
 r - a +0 morningstar
 G - a +0 flail of crushing
Armour
 b - a +0 animal skin
 d - a +0 leather armour
 h - a +0 chain mail (worn)
 H - a +0 shield
Wands
 v - a wand of polymorph (8)
 x - a wand of enslavement (8)
Scrolls
 g - 6 scrolls of identify {unknown}
 i - a scroll of noise {unknown}
 k - a scroll of blinking {unknown}
 q - 5 scrolls of enchant armour {unknown}
 u - 2 scrolls of fog {unknown}
 w - a scroll of enchant weapon {unknown}
 y - a scroll of amnesia {unknown}
 D - 2 scrolls of remove curse {unknown}
 E - 3 scrolls of teleportation
Potions
 e - 4 potions of curing {@q1}
 f - a potion of invisibility {unknown}
 j - a potion of mutation {unknown}
 l - 2 potions of degeneration {unknown}
 m - a potion of experience {unknown}
 o - 3 potions of heal wounds {unknown}
 p - a potion of flight {unknown}
 s - a potion of cancellation {unknown}
 t - a potion of haste {unknown}
 z - a potion of brilliance {unknown}
 A - a potion of berserk rage {unknown}
 B - a potion of might {unknown}
 C - a potion of magic {unknown}
Comestibles
 c - 6 rations
 F - 2 chunks of flesh


   Skills:
 + Level 6.2 Fighting
 * Level 8.3 Axes
 + Level 4.7 Armour
 - Level 1.5 Dodging
 + Level 8.3 Stealth
 + Level 0.0 Shields


You had 8 spell levels left.
You didn't know any spells.
Your spell library contained the following spells:

 Spells                   Type           Power        Failure   Level  Hunger
 Apportation              Tloc           #.....       98%         1    ##.....
 Summon Small Mammal      Summ           #...         98%         1    ##.....
 Animate Skeleton         Necr           N/A          98%         1    ##.....
 Confusing Touch          Hex            #.....       98%         1    ##.....


Dungeon Overview and Level Annotations

Branches:
Dungeon (8/15)             Temple (0/1) D:4
   Lair: D:8-11

Altars:
Ashenzari
Kikubaaqudgha
Makhleb
Nemelex Xobeh

Shops:
D:4 **([[


Innate Abilities, Weirdness & Mutations

You cannot wear boots.
Your serpentine skin is tough. (AC +3)
You have supernaturally acute eyesight. (SInv)
Armour fits poorly on your strangely shaped body.
Your system is resistant to poisons. (rPois)
You cover ground very slowly.
You have a slow metabolism.
You can spit poison.


Message History

You closely miss the crocodile.
The crocodile is almost dead.
The crocodile bites you!
You closely miss the crocodile.
The crocodile is almost dead.
The crocodile bites you!
* * * LOW HITPOINT WARNING * * *
You hit the crocodile.
The crocodile is almost dead.
The crocodile bites you but does no damage.
Evoke which item? (* to show all) (? for menu, Esc to quit)
Okay, then.
You hit the crocodile but do no damage.
The crocodile is almost dead.
The crocodile bites you!
* * * LOW HITPOINT WARNING * * *
You closely miss the crocodile.
The crocodile is almost dead.
The crocodile bites you!
You die...

#..# #<.#######
#.........
##.####### #.#
#.# ##.##
####...########
........@t......
#####...########
#####


You could see a crocodile.

Vanquished Creatures
  Sigmund (D:3)
  Eustachio (D:6)
  Duvessa (D:5)
  2 ice beasts
  A sky beast (D:5)
  A centaur (D:7)
  A phantom (D:6)
  3 bullfrogs
  A wyvern zombie (D:6)
  Dowan (D:5)
  2 water moccasin zombies (Ossuary)
  A scorpion (D:4)
  3 howler monkeys (D:7)
  2 crimson imps
  6 hounds
  A jelly (D:6)
  A centaur skeleton (D:4)
  A bullfrog skeleton (D:5)
  A centaur zombie (D:5)
  3 orc wizards
  Jessica (D:3)
  Terence (D:3)
  2 worker ants
  2 big kobold zombies (Ossuary)
  2 mummies (Ossuary)
  5 adders
  2 shadow imps
  2 adder skeletons (D:7)
  5 adder zombies (Ossuary)
  2 worms
  4 dart slugs
  2 leopard geckos
  17 orcs
  3 bats
  7 giant cockroaches
  2 goblins
  4 hobgoblins
  7 jackals
  12 kobolds
  3 quokkas
  A ball python (D:3)
  2 frilled lizards (D:4)
  3 gnoll zombies (Ossuary)
  A goblin zombie (D:5)
  5 hobgoblin zombies (Ossuary)
  A jackal skeleton (D:5)
  A kobold zombie (Ossuary)
  5 orc zombies (Ossuary)
  A quokka skeleton (D:4)
  A quokka zombie (D:5)
  8 rats
148 creatures vanquished.

Notes
Turn   | Place    | Note
-------+----------+-------------------------------------------
     0 | D:1      | iamserjio the Naga Berserker began the quest for the Orb.
     0 | D:1      | Reached XP level 1. HP: 21/21 MP: 1/1
   116 | D:1      | Reached XP level 2. HP: 28/28 MP: 2/2
   117 | D:1      | Reached skill level 1 in Stealth
   282 | D:1      | Reached XP level 3. HP: 29/34 MP: 3/3
   346 | D:1      | Reached ** piety under Trog
   713 | D:3      | Found a faded altar of an unknown god.
   713 | D:3      | Found a faded altar of an unknown god.
   718 | D:3      | Found a sparkling altar of Nemelex Xobeh.
   720 | D:3      | Found a burning altar of Makhleb.
   721 | D:3      | Found a shattered altar of Ashenzari.
   779 | D:3      | Reached XP level 4. HP: 39/42 MP: 4/4
   875 | D:4      | Found Vuth's General Store.
   901 | D:4      | Bought a scroll of teleportation for 36 gold pieces
   939 | D:3      | Reached XP level 5. HP: 42/49 MP: 5/5
   998 | D:3      | Noticed Jessica
  1000 | D:3      | Noticed Sigmund
  1006 | D:3      | Killed Jessica
  1010 | D:3      | Killed Sigmund
  1010 | D:3      | Reached XP level 6. HP: 46/57 MP: 6/6
  1018 | D:3      | Reached skill level 5 in Axes
  1045 | D:3      | Noticed Terence
  1051 | D:3      | Killed Terence
  1151 | D:4      | Found Usos's General Store.
  1162 | D:4      | Bought a potion of curing for 42 gold pieces
  1207 | D:4      | Reached XP level 7. HP: 36/64 MP: 7/7
  1227 | D:4      | Found Soduq's Armour Boutique.
  1230 | D:4      | Found Rotea's Antique Weapon Boutique.
  1235 | D:4      | Found Cutowih's Antique Armour Boutique.
  1276 | D:4      | Reached *** piety under Trog
  1334 | D:5      | Entered Level 5 of the Dungeon
  1362 | D:4      | Found a staircase to the Ecumenical Temple.
  1385 | D:5      | Reached skill level 5 in Stealth
  1505 | D:5      | Reached XP level 8. HP: 42/73 MP: 8/8
  1581 | D:5      | Noticed Duvessa
  1581 | D:5      | Noticed Dowan
  1587 | D:5      | Killed Duvessa
  1587 | D:5      | Reached skill level 5 in Fighting
  1589 | D:5      | Found a sand-covered staircase.
  1592 | D:5      | Killed Dowan
  1604 | Ossuary  | Entered an ossuary
  1823 | D:6      | Noticed Eustachio
  1835 | D:6      | Killed Eustachio
  1939 | D:6      | Reached XP level 9. HP: 42/82 MP: 9/9
  2004 | D:6      | Reached **** piety under Trog
  2115 | D:7      | Found an ancient bone altar of Kikubaaqudgha.
  2264 | D:7      | HP: 1/82 [centaur (7)]
  2317 | D:8      | Slain by a crocodile

Vault maps used:
D:1:      co_arrival_random_square_maze, st_stairs_3, kennysheep_minor_cross
D:3:      chequers_temple_overflow_minitemple, uniq_terence, uniq_jessica,
          uniq_sigmund
D:4:      minmay_temple_entry_enclosed_plants, serial_shops, shop, shop,
          nicolae_shop_statue_plus, nicolae_shop_waterfront, shop,
          kennysheep_generic_room_2
D:5:      enter_ossuary_4, first_ration, eino_tiny_chamber, minivault_14,
          grunt_decor_one_mirror, dk_vineyard_3, uniq_duvessa
D:6:      kennysheep_potato, uniq_eustachio
D:7:      grunt_temple_overflow_magic_moments
D:8:      minmay_lair_entry_lava, gammafunk_ghost_cemetery, wad_rectangle_vault
Ossuary:  ossuary_tomb_2

Skill      XL: |  1  2  3  4  5  6  7  8  9 |
---------------+----------------------------+-----
Stealth        | 1 2 3 4 5 7 8 |  8.3
Armour         | 2 3 4 |  4.7
Axes           | 4 5 6 7 8 |  8.3
Fighting       | 4 5 6 |  6.2
Dodging        | |  1.5

Action                   |  1- 3 |  4- 6 |  7- 9 || total
-------------------------+-------+-------+-------++-------
Melee: Hand axe          |    88 |    24 |       ||   112
       War axe           |       |    52 |   326 ||   378
Invok: Berserk           |     2 |     5 |     9 ||    16
       Trog's Hand       |       |     1 |     8 ||     9
 Abil: Spit Poison       |     2 |     2 |       ||     4
  Use: Scroll            |       |       |     1 ||     1
       Potion            |       |       |     1 ||     1
  Eat: Chunk             |     1 |     4 |    15 ||    20
       Ration            |       |       |     1 ||     1
Armor: Leather armour    |    10 |       |       ||    10
       Animal skin       |     1 |       |       ||     1
       Chain mail        |    20 |    40 |   219 ||   279
Dodge: Dodged            |    44 |    25 |   114 ||   183

Table legend:
 A = Spawn XP
 B = Non-spawn XP
 C = Spawn XP percentage of total XP
 D = Spawn monster count
 E = Non-spawn monster count
 F = Spawn count percentage of total count
 G = Total turns spent on level
                    A         B        C        D         E        F      G
               +---------+---------+-------+---------+---------+-------+---------
         Total |       0 |    3199 |   0.0 |       0 |     148 |   0.0 |  2317
               +---------+---------+-------+---------+---------+-------+---------
           D:1 |       0 |      43 |   0.0 |       0 |      24 |   0.0 |   399
           D:2 |       0 |      33 |   0.0 |       0 |      13 |   0.0 |   330
           D:3 |       0 |     412 |   0.0 |       0 |      15 |   0.0 |   336
           D:4 |       0 |     272 |   0.0 |       0 |      18 |   0.0 |   293
           D:5 |       0 |     821 |   0.0 |       0 |      22 |   0.0 |   278
           D:6 |       0 |     665 |   0.0 |       0 |      13 |   0.0 |   208
           D:7 |       0 |     660 |   0.0 |       0 |      18 |   0.0 |   256
       Ossuary |       0 |     293 |   0.0 |       0 |      25 |   0.0 |   199
               +---------+---------+-------+---------+---------+-------+---------
